Cogmind - Beta 16.1 @@@ ROGUE MODE // 2026.03.11 @ 23:53:46 Player: TheSkyeDoctor Result: Destroyed by D-53 Grenadier with Mini Grenade Launcher Performance ------------- Evolutions (0) 0 Regions Visited (4) 800 Robots Destroyed (10) 50 Value Destroyed (236) 236 Prototype IDs (23) 460 Alien Tech Used (0) 0 Bonus (300) 300 TOTAL SCORE: 1846 Bonus ------- Aligned with FarCom 300 Cogmind --------- Core Integrity 0/250 Matter 290/300 Energy 100/100 System Corruption 0% Temperature Cool (0) Movement Rolling (175) Ox5 Location -9/Mines Parts ------- > --- POWER (1) -------- (None) > --- PROPULSION (2) --- Compact Wheel > --- UTILITY (2) ------ Huge Storage Unit > --- WEAPON (2) ------- Light Assault Rifle > --- INVENTORY (25) --- Light Treads Potential Leg Potential Leg Humpback Large Battery (200) High-capacity Matter Pod (200) Improved Terrain Scanner Medium Reactive Plating Peak State ------------ > --- POWER ------------ Ion Engine > --- PROPULSION ------- Compact Wheel Compact Wheel > --- UTILITY ---------- Huge Storage Unit Light Armor Plating > --- WEAPON ----------- Light Assault Rifle Light Assault Rifle > --- INVENTORY -------- Light Ion Engine Light Treads Potential Leg Potential Leg Compact Wheel Humpback Large Battery High-capacity Matter Pod Improved Terrain Scanner [Rating: 10] Favorites ----------- Power Ion Engine Engine Ion Engine Propulsion Compact Wheel Treads Light Treads Wheel Compact Wheel Utility Huge Storage Unit Device Seismic Detector Storage Huge Storage Unit Protection Light Armor Plating Weapon Light Assault Rifle Ballistic Gun Light Assault Rifle Build | -11 -10 -10 -10 -9 ------- Run | Yrd Mat Min Exi Min Slots Evolved . | . . . . . Power . | . . . . . Propulsion . | . . . . . Utility . | . . . . . Weapon . | . . . . . Parts Attached 15 | 7 5 1 . 2 Power 3 | 1 1 . . 1 Engine 3 | 1 1 . . 1 Core . | . . . . . Reactor . | . . . . . Propulsion 5 | 2 2 . . 1 Treads 2 | 2 . . . . Leg . | . . . . . Wheel 3 | . 2 . . 1 Hover . | . . . . . Flight . | . . . . . Utility 4 | 2 2 . . . Device 1 | 1 . . . . Storage 2 | 1 1 . . . Processor . | . . . . . Hackware . | . . . . . Protection 1 | . 1 . . . Artifact . | . . . . . Weapon 3 | 2 . 1 . . Energy Gun . | . . . . . Energy Cannon . | . . . . . Ballistic Gun 3 | 2 . 1 . . Ballistic Cannon . | . . . . . Launcher . | . . . . . Special Weapon . | . . . . . Impact Weapon . | . . . . . Slashing Weapon . | . . . . . Piercing Weapon . | . . . . . Special Melee Weapon . | . . . . . Unidentified Prototypes . | . . . . . Parts Lost 10 | . 4 . . 6 Power 3 | . 1 . . 2 Propulsion 3 | . 1 . . 2 Utility 2 | . 1 . . 1 Weapon 2 | . 1 . . 1 Highest Loss Streak 5 | . 3 . . 5 To Critical Strikes . | . . . . . Average Backups 6 | 2 4 5 7 9 Power . | . . . 1 . Propulsion 2 | 1 1 2 3 3 Utility 2 | . 1 3 3 4 Weapon . | . . . . . Tool/Special . | . . . . . Unused Backups 6 | . . . . 6 Power . | . . . . . Propulsion 2 | . . . . 2 Utility 4 | . . . . 4 Weapon . | . . . . . Tool/Special . | . . . . . Average Slot Usage (%) 92 | . 88 92 100 87 Engine 13 | . 11 14 14 14 Treads 3 | . 15 . . . Wheel 24 | . 12 28 28 28 Device 2 | . 11 . . . Storage 14 | . 14 14 14 14 Protection 10 | . . 14 14 13 Ballistic Gun 22 | . 21 20 28 16 Peak Build Rating 10 | 7 7 7 10 10 Average Rating 7 | 5 6 6 8 9 On Entrance 6 | . 7 6 7 10 Avg Prop Armor Cover (%) . | . . . . . Naked Turns . | . . . . . Heaviest Build 90 | 12 89 90 90 90 Greatest Support 40 | 40 40 32 32 32 Greatest Overweight (x) 5 | . 2 2 2 5 Average Overweight (x) 1 | . . 2 2 2 Largest Inventory Capacity 25 | 8 25 25 25 25 Average Capacity 20 | 7 12 25 25 25 Most Carried 11 | 4 5 6 10 11 Average Carried 6 | 2 4 5 7 10 Final Capacity 25 | 8 25 25 25 25 Final Carried 10 | 4 5 6 10 9 Class Distribution -------------------- 100% | Mutant Dominant Class ---------------- Mutant | -10/Materials Mutant | -10/Mines Mutant | -10/Exiles Mutant | -9/Mines Resources | -11 -10 -10 -10 -9 ----------- Run | Yrd Mat Min Exi Min Matter Collected 455 | 302 120 20 13 . Remotely . | . . . . . Salvage Created 374 | 107 247 20 . . Parts 23 | 8 10 5 . . Haulers Intercepted . | . . . . . Recyclers Shooed . | . . . . . Parts Field Recycled . | . . . . . Retrieved Matter . | . . . . . Parts Self-Destructed . | . . . . . Prevented . | . . . . . Parts Restored . | . . . . . Kills | -11 -10 -10 -10 -9 ------- Run | Yrd Mat Min Exi Min Combat Hostiles Destroyed 7 | . 5 2 . . Guns 7 | . 5 2 . . Classes Destroyed 4 | 2 1 1 . . Tunneler 2 | 2 . . . . Recycler 1 | 1 . . . . Swarmer 2 | . . 2 . . Grunt 5 | . 5 . . . Best Kill Streak 3 | 3 2 2 . . Combat Bots Only 2 | . 2 2 . . Max Kills in Single Turn 1 | 1 1 1 . . Gunslinging . | . . . . . Exploded . | . . . . . Melee . | . . . . . Uniques/NPCs Destroyed . | . . . . . Combat | -11 -10 -10 -10 -9 -------- Run | Yrd Mat Min Exi Min Hostile Shots Fired 75 | . 53 13 . 9 Missed 25 | . 20 4 . 1 Hits 50 | . 33 9 . 8 Projectile 50 | . 33 9 . 8 AOE 10 | . 1 . . 9 Damage Taken 1082 | . 588 72 . 422 Core 262 | . 81 9 . 172 Absorbed by Shields . | . . . . . Core Remaining (%) 100 | 100 . . . . Volleys Fired 58 | 8 37 13 . . Largest 2 | 2 2 1 . . Hottest 40 | 40 40 20 . . Shots Fired 87 | 16 58 13 . . Gun 87 | 16 58 13 . . Cannon . | . . . . . Launcher . | . . . . . Special . | . . . . . Kinetic 87 | 16 58 13 . . Thermal . | . . . . . Explosive . | . . . . . Electromagnetic . | . . . . . Robot Hit Streak 8 | 4 8 4 . . Robot Miss Streak 3 | 3 3 1 . . Penetration Max . | . . . . . Secondary Targets . | . . . . . Shots Hit Robots 57 | 8 40 9 . . Core Hits 21 | 4 14 3 . . Critical Kills 1 | . . 1 . . Critical Parts Destroyed 1 | . . 1 . . Critical Strikes 2 | . . 2 . . Destroy 2 | . . 2 . . Melee Attacks . | . . . . . Impact . | . . . . . Slashing . | . . . . . Piercing . | . . . . . Sneak Attacks . | . . . . . Combat Hostiles . | . . . . . Follow-up Attacks . | . . . . . Damage Inflicted 530 | 87 371 72 . . Guns 530 | 87 371 72 . . Cannons . | . . . . . Explosions . | . . . . . Melee . | . . . . . Ramming . | . . . . . Kinetic 530 | 87 371 72 . . Thermal . | . . . . . Explosive . | . . . . . Electromagnetic . | . . . . . Impact . | . . . . . Slashing . | . . . . . Piercing . | . . . . . Highest Corruption . | . . . . . Average Corruption . | . . . . . Corruption Purged . | . . . . . Corruption Blocked . | . . . . . Overload Shots . | . . . . . Overflow Damage . | . . . . . Projectiles . | . . . . . Explosions . | . . . . . Melee . | . . . . . Knockbacks . | . . . . . Impact . | . . . . . Kinetic . | . . . . . Secondary . | . . . . . Self-Inflicted Damage . | . . . . . Shots . | . . . . . Rammed . | . . . . . Targets Rammed . | . . . . . Kicked . | . . . . . Crushed . | . . . . . Highest Temperature 18 | . 18 6 . . Average Temperature 7 | . 9 3 . . Received Heat Transfer 264 | . 264 . . . Siege Activations . | . . . . . Martial Activations . | . . . . . Shielding Activations . | . . . . . Robots Disrupted . | . . . . . Combat Hostiles . | . . . . . Robots Corrupted . | . . . . . Combat Hostiles . | . . . . . Parts Fried . | . . . . . Impact Corruptions . | . . . . . Robots Melted . | . . . . . Combat Hostiles . | . . . . . Parts Melted . | . . . . . Heat Transferred . | . . . . . Parts Sabotaged . | . . . . . Parts Stolen . | . . . . . Parts Stripped . | . . . . . Power Chain Reactions . | . . . . . Alert | -11 -10 -10 -10 -9 ------- Run | Yrd Mat Min Exi Min Maximum Alert Level . | . . . . . Low Security (%) 100 | 100 100 100 . 100 Level 1 . | . . . . . Level 2 . | . . . . . Level 3 . | . . . . . Level 4 . | . . . . . Level 5 . | . . . . . High Security . | . . . . . Max Security . | . . . . . Peak Influence 60 | 10 60 55 . 5 Initial 15 | . . 15 . . Average 9 | 1 18 22 . . Influence Increases 273 | 15 173 70 . 15 Destroy 0b10 Robot/C 140 | . 100 40 . . Destroy 0b10 Robot/NC 15 | 15 . . . . Destroy Leader 30 | . 30 . . . Successful Hack 13 | . 13 . . . Lose Combat Pursuer 75 | . 30 30 . 15 Influence Decreases 273 | 15 133 90 20 15 Entered New Map 45 | . . 25 20 . Time Decay 193 | 15 103 65 . 10 Lost Part 35 | . 30 . . 5 Squads Dispatched 1 | . 1 . . . Investigation 1 | . 1 . . . Extermination . | . . . . . Reinforcement . | . . . . . Assault . | . . . . . Garrison . | . . . . . Intercept . | . . . . . Searches Triggered . | . . . . . Construction Impeded . | . . . . . Haulers Reinforced . | . . . . . Active Scanning Responses . | . . . . . Cargo Convoy Interrupts . | . . . . . Stealth | -11 -10 -10 -10 -9 --------- Run | Yrd Mat Min Exi Min Distress Signals 1 | . . . . 1 Communications Jammed . | . . . . . Distress Signals . | . . . . . Times Spotted 16 | . 10 4 . 2 Peak Tracking Total 4 | . 4 3 . 4 Tactical Retreats 4 | . 1 2 . 1 Traps | -11 -10 -10 -10 -9 ------- Run | Yrd Mat Min Exi Min Traps Triggered 1 | . 1 . . . Indirectly . | . . . . . Trap Hack Attempts . | . . . . . Triggered . | . . . . . Disarmed . | . . . . . Reprogrammed . | . . . . . Reused . | . . . . . Traps Extracted . | . . . . . Installed . | . . . . . Triggered . | . . . . . Machines | -11 -10 -10 -10 -9 ---------- Run | Yrd Mat Min Exi Min Machines Disabled . | . . . . . Max in Single Turn . | . . . . . Machines Repaired . | . . . . . Machines Dismantled . | . . . . . Machines Sabotaged . | . . . . . Overloaded Fab Kills . | . . . . . Hacking | -11 -10 -10 -10 -9 --------- Run | Yrd Mat Min Exi Min Machines Accessed 5 | . 3 . 1 1 Terminals 3 | . 3 . . . Fabricators . | . . . . . Repair Stations . | . . . . . Recycling Units . | . . . . . Scanalyzers . | . . . . . Garrison Access . | . . . . . Total Hacks 7 | . 5 . 1 1 Successful 5 | . 3 . 1 1 Failed 2 | . 2 . . . Catastrophic 1 | . 1 . . . Database Lockouts . | . . . . . Manual 6 | . 5 . 1 . Terminals 5 | . 5 . . . Fabricators . | . . . . . Repair Stations . | . . . . . Recycling Units . | . . . . . Scanalyzers . | . . . . . Garrison Access . | . . . . . Terminal Hacks 2 | . . . 1 1 Open Door 1 | . . . . 1 Proto ID Catalog 1 | . . . 1 . Fabricator Hacks . | . . . . . Repair Station Hacks . | . . . . . Recycling Unit Hacks . | . . . . . Scanalyzer . | . . . . . Garrison Access Hacks . | . . . . . Unauthorized Hacks 3 | . 3 . . . Terminals 3 | . 3 . . . Botnet 3 | . 3 . . . Fabricators . | . . . . . Repair Stations . | . . . . . Recycling Units . | . . . . . Scanalyzers . | . . . . . Garrison Access . | . . . . . Data Cores Recovered . | . . . . . Used . | . . . . . Hacking Detections 2 | . 2 . . . Full Trace Events . | . . . . . Feedback Events . | . . . . . Feedback Blocked . | . . . . . Robot Schematics Acquired . | . . . . . Robots Built . | . . . . . Authchips . | . . . . . Time . | . . . . . Total Robot Build Rating . | . . . . . Part Schematics Acquired . | . . . . . Parts Built . | . . . . . Authchips . | . . . . . Time . | . . . . . Total Part Build Rating . | . . . . . Part Studies Acquired . | . . . . . Parts Repaired . | . . . . . Time . | . . . . . Parts Recycled . | . . . . . Recycled Matter . | . . . . . Retrieved Matter . | . . . . . Retrieved Components . | . . . . . Parts Scanalyzed . | . . . . . Part Schematics Acquired . | . . . . . Parts Damaged . | . . . . . Bothacking | -11 -10 -10 -10 -9 ------------ Run | Yrd Mat Min Exi Min Used RIF Installer . | . . . . . Robots Hacked . | . . . . . Non-combat . | . . . . . Combat . | . . . . . Robot Hacks Applied . | . . . . . Relay Couplers Released . | . . . . . Fabnet Peak Effective % . | . . . . . Robots Rewired . | . . . . . Allies Hacked . | . . . . . Hacks Repelled . | . . . . . Allies | -11 -10 -10 -10 -9 -------- Run | Yrd Mat Min Exi Min Total Allies . | . . . . . Largest Group . | . . . . . Highest-Rated Group . | . . . . . Highest-Rated Ally . | . . . . . Total Orders . | . . . . . Ally Attacks . | . . . . . Total Damage . | . . . . . Kills . | . . . . . Allies Corrupted . | . . . . . Allies Melted . | . . . . . Intel | -11 -10 -10 -10 -9 ------- Run | Yrd Mat Min Exi Min Active Infowar (turns) 312 | 43 269 . . . Seismic 312 | 43 269 . . . Robot Analysis Total . | . . . . . Derelict Logs Recovered . | . . . . . Drone Launches . | . . . . . Drone Recoveries . | . . . . . Exploration | -11 -10 -10 -10 -9 ------------- Run | Yrd Mat Min Exi Min Turns Passed 1495 | 128 312 164 499 392 Spaces Moved 1001 | 61 153 107 381 299 Core 5 | 5 . . . . Treads 117 | 56 61 . . . Legs . | . . . . . Wheels 879 | . 92 107 381 299 Hover . | . . . . . Flight . | . . . . . Fastest Speed 50 | 50 100 130 130 130 Average Speed 131 | 150 133 130 130 130 Slowest Speed 175 | 160 160 130 130 175 Overloaded Moves . | . . . . . Propulsion Burnouts . | . . . . . Robots Hopped . | . . . . . Potential Cave-ins . | . . . . . Cave-ins Triggered . | . . . . . Exploration Rate (%) 37 | 4 34 18 83 49 Regions Visited 4 Branch Regions 3 Pre-discovered Areas 1 | . . 1 . . Known Exits Taken . | . . . . . Unknown Exits Taken 4 | 1 1 1 1 . Scrap Searched . | . . . . . Spaces Dug . | . . . . . Terrain Destroyed . | . . . . . Melee . | . . . . . Projectile . | . . . . . AOE . | . . . . . Terrain Rammed . | . . . . . Walls Destroyed . | . . . . . Machines Disabled . | . . . . . Actions | -11 -10 -10 -10 -9 --------- Run | Yrd Mat Min Exi Min Total 1096 | 79 209 121 385 302 Wait 12 | . 12 . . . Move 997 | 60 152 106 380 299 Hop . | . . . . . Pick Up 12 | 4 2 1 4 1 Fast Attach 9 | 7 1 1 . . Attach 5 | . 3 . . 2 Detach 1 | . 1 . . . Swap 1 | . 1 . . . Drop 1 | . . . 1 . Fire 58 | 8 37 13 . . Melee . | . . . . . Ram . | . . . . . Kick . | . . . . . Crush . | . . . . . Escape Stasis . | . . . . . Rewire . | . . . . . Trap . | . . . . . Miscellaneous . | . . . . . Route ------- -11/Scrapyard -10/Materials -10/Mines -10/Exiles -9/Mines History --------- Turn | Location | Event 10 | -11/Scrapyard | Discovered new exit (range 15) 129 | -11/Scrapyard | Entered Materials 270 | -10/Materials | Discovered new exit (range 13) 301 | -10/Materials | Build established: Mutant 340 | -10/Materials | Lost 3 parts (1p1n1w) 441 | -10/Materials | Entered Mines 580 | -10/Mines | Learned location of Storage (-7) 599 | -10/Mines | Deemed a non-threat by the Exiles lab entrance 600 | -10/Mines | Discovered new exit (range 5) 605 | -10/Mines | Entered Exiles 651 | -10/Exiles | Met 8R-AWN 674 | -10/Exiles | Met EX-HEX 715 | -10/Exiles | Met EX-BIN 733 | -10/Exiles | Aligned with FarCom system 734 | -10/Exiles | Given EX-Vault access code 768 | -10/Exiles | Opened EX-Vault 777 | -10/Exiles | Found Potential Leg 779 | -10/Exiles | Found Potential Leg 806 | -10/Exiles | Warned to stay clear of 0b10 Research branches 841 | -10/Exiles | Met EX-DEC 885 | -10/Exiles | Visited The Gauntlet 1094 | -10/Exiles | Discovered new exit (range 10) 1104 | -10/Exiles | Left Exiles lab with Potential Leg 1104 | -10/Exiles | Entered Mines 1170 | -9/Mines | Met a Derelict who couldn't figure out how to use a Trap Extractor 1171 | -9/Mines | Core integrity fell below 50% 1247 | -9/Mines | Assembled infested the area 1485 | -9/Mines | Core integrity fell below 20% 1496 | -9/Mines | Destroyed by D-53 Grenadier with Mini Grenade Launcher Last Messages --------------- the area. 01170_ Explosive Trap short circuited. 01170_ SHOP.Sys disabled. 01170_ Machine disabled. 01170_ An explosion rips through the floor. 01170_ 3T-F3Y(g) destroyed. 01170_ Lgt. Assault Rifle destroyed. 01175_ Acquired Med. Reactive Plating. 01247_ ALERT: Infestation in the mines, dispatching Demolisher response squad. 01373_ K-01 Serf collects debris. 01481_ Ion Engine destroyed. 01483_ K-01 Serf destroyed. 01483_ D-53 Grenadier destroyed. 01486_ Com. Wheel destroyed. 01486_ Lgt. Armor Plating destroyed. 01489_ The unstable cave ceiling collapses. 01492_ Com. Wheel destroyed. 01495_ K-01 Serf collects debris. 01496_ Lgt. Ion Engine destroyed. Map ----- +----------------------------------------------------+ | | | | | | | ?????????????????????????????????????????????????? | | ?????????????????????????????????????????????????? | | ?????????????????????????????????????????????????? | | ?????????????????????????????????????????????????? | | ?????????????????????????????????????????????????? | | ?????????????????????????????????????????????????? | | ?????????????????????????????????????????????????? | | ?????????????????????????????????????????????????? | | ?????????????????????????#???????????????????????? | | ?????????????????s?s????? ???????????????????????? | | ?????????????????s??????? ???????????????????????? | | ????????????????????????? #??????????????????????? | | ??????????????????#?????? ##?????????????????????? | | ??????????????????? ???## ####??????????????????? | | ???????????????????=#### ??????????????????? | | ????????????????????%*k%%%[ ??????????????????? | | ?????????????????????!k ?# #??????????????????? | | ?????????????????????# ?# #??????????????????? | | ?????????????????????? $#?# #??????????????????? | | ??????????????????????# ### #??????????????????? | | ???????###????????????# # #??????????????????? | | ??????## ##?????????## # #??????????????????? | | ??????# ##???????## @ #??????????????????? | | ??????# ##?????## ##?????????????????? | | ??????## ##????# #?????????????????? | | ???????### #????# #?????????????????? | | ?????????## #????# #?????????????????? | | ??????????# ###????# #?????????????????? | | ??????????# #??????# d #?????????????????? | | ??????????# ######### # # #?????????????????? | | ??????????# # ###???????????????? | | ??????????# #### ########## #???????????????? | | ?????????## #??# #?????????##### #???????????????? | | ????????## ##?# ########??????# #?????????????? | | ???????## #?# #??????# #???????????? | | ######## ########## #??????# #?????????? = | | # ##??????# #??????#b####????? | | =% ######## #??????# # ##?? | | ] ! #?????## # | | ## #########?????# % #?? | | [][ ### #?????????????## | | # #?## #??????????????# ## | | ## ##??# #????#####?????######?#### # # # | | ## ##???# ###### ##???????????####???????? | | ?# ##????# #?????####### ##??????? | | ?## #?????######## #????## ## ##?????? | | ??## #????????????# ##????# ##????? | +----------------------------------------------------+ Best States ------------- Heat Dissipation 25 Energy Generation 10 Energy Capacity 250 Matter Stores 300 Matter Capacity 300 Sight Range 16 Terrain Scan Density 10 Armor Coverage 150 Evasion (%) 40 Recoil Reduction 2 Item Schematics ----------------- None Robot Schematics ------------------ None Fabricated ------------ Nothing Repaired ---------- Nothing Studied --------- None Alien Tech Used ----------------- None Achievements -------------- None Challenges ------------ None Game ------ Seed GreatEnhancedMultirail Manual? 0 Play Time 00:10:54 Cumulative 60.8 hours Start 2026.03.11 @ 23:44:28 End 2026.03.11 @ 23:53:46 Sessions 1 Manual Loads 0 Difficulty Rogue Special Mode None Game No. 139 Rogue 139 Adventurer 0 Explorer 0 Win Type - Total 0 Types 0/0/0/0/0/0/0/0/0/0 Lore% 36 Gallery% 42 Achievement% 33 Wizard Run 0 Options --------- Layout 2 ASCII 0 Keyboard 1 Movement Arrows Keybinds 0 Fullscreen 1 Font 24/Smallcaps Map View 50x44 Zoom Use 0% Tactical HUD 1 Map Filters NONE Filters NONE Steam 1 RUN: 7e12e41b-c8dd-42a0-a70d-261d5c53728a